 Dungeon Crawl Stone Soup version 0.29.1-15-g9cfb28693d (webtiles) character file.

Game seed: 5467953302798509916

1325 Descartes the Sneak (level 8, -4/46 HPs)
             Began as an Octopode Fire Elementalist on Apr 9, 2023.
             Was an Initiate of Dithmenos.
             Slain by a hound (5 damage)
             ... on level 6 of the Dungeon.
             The game lasted 00:14:46 (9044 turns).

Descartes the Sneak (Octopode Fire Elementalist)    Turns: 9044, Time: 00:14:47

Health: -4/46      AC:  1    Str:  7    XL:     8   Next: 60%
Magic:  3/14       EV: 14    Int: 20    God:    Dithmenos [......]
Gold:   270        SH:  0    Dex: 12    Spells: 14/15 levels left

rFire   . . .      SeeInvis .   i - +2 dagger (venom)
rCold   . . .      Faith    .   (no shield)
rNeg    . . .      Spirit   .   (helmet restricted)
rPois   .          Reflect  .   (no amulet)
rElec   .          Harm     .   j - +4 ring of slaying
rCorr   .          Rampage  .   D - ring of flight
Will    .....                   (no ring)
Stlth   ++++......              (no ring)
HPRegen 0.15/turn               (no ring)
MPRegen 0.14/turn               (no ring)
                                (no ring)
                                (no ring)

@: flying
A: almost no armour, amphibious, 8 rings, camouflage 1, gelatinous body 1,
(nimble swimmer 1), tentacles
a: Renounce Religion


You were on level 6 of the Dungeon.
You worshipped Dithmenos.
Dithmenos was noncommittal.
You visited 2 branches of the dungeon, and saw 7 of its levels.
You also visited: Sewer.

You collected 270 gold pieces.

Inventory:

Hand Weapons
 i - a +2 dagger of venom (weapon)
 B - a +1 dagger of draining
Missiles
 t - 12 boomerangs
Jewellery
 j - a +4 ring of slaying (left tentacle)
 D - a ring of flight (right tentacle)
Wands
 y - a wand of flame (7)
 C - a wand of roots (4)
Scrolls
 f - 2 scrolls of magic mapping
 g - 2 scrolls of vulnerability
 h - a scroll of immolation {unknown}
 k - 2 scrolls of torment
 m - a scroll of silence
 n - 4 scrolls of teleportation
 o - a scroll of summoning {unknown}
 q - 4 scrolls of enchant weapon
 r - 3 scrolls of fear
 v - a scroll of enchant armour {unknown}
 z - a scroll of fog {unknown}
 E - a scroll of poison {unknown}
Potions
 a - 2 potions of magic
 b - 2 potions of mutation {unknown}
 c - 2 potions of haste {unknown}
 e - 2 potions of curing {unknown}
 l - 2 potions of heal wounds {unknown}
 p - 4 potions of attraction {unknown}
 s - a potion of invisibility {unknown}
 u - a potion of brilliance {unknown}
 w - a potion of cancellation {unknown}
 x - 2 potions of resistance {unknown}
 A - a potion of berserk rage {unknown}


   Skills:
 + Level 3.2 Short Blades
 + Level 4.3 Dodging
 + Level 6.0 Stealth
 + Level 4.0 Spellcasting
 + Level 3.8 Conjurations
 + Level 4.9 Fire Magic
 + Level 4.3 Poison Magic


You had 14 spell levels left.
You knew the following spells:

 Your Spells              Type           Power      Damage    Failure   Level
a - Foxfire               Conj/Fire      84%        2x1d8     2%          1

Your spell library contained the following spells:

 Spells                   Type           Power      Damage    Failure   Level
 Scorch                   Fire           46%        2d7       2%          2
 Conjure Flame            Conj/Fire      21%        6-21      6%          3
 Inner Flame              Hex/Fire       13%        N/A       14%         3
 Flame Wave               Conj/Fire      21%        2d8       22%         4


Dungeon Overview and Level Annotations

Branches:
Dungeon (6/15)             Temple (1/1) D:5           Sewer (visited)

Altars:
Ashenzari
Cheibriados
Dithmenos
Elyvilon
Fedhas
Gozag
Hepliaklqana
Nemelex Xobeh
Okawaru
Qazlal
Ru
Sif Muna
Trog
Uskayaw
Vehumet
Xom
Zin
The Shining One


Innate Abilities, Weirdness & Mutations

You cannot wear most types of armour.
You are amphibious.
You can wear up to eight rings at the same time.
Your skin changes colour to match your surroundings (Stealth+).
Your rubbery body absorbs attacks. (AC +1, EV +1)
((You are camouflaged when in or above water. (Stealth+)))
You have tentacles for arms and can constrict up to eight enemies at once.


Message History

The iguana hisses menacingly.
The gnoll sergeant hits you from afar with a +0 spear.
* * * LOW HITPOINT WARNING * * *
Your foxfire dissipates!
The foxfire hits the gnoll sergeant.
The gnoll sergeant is almost dead.
You see here a scorpion corpse.
The orc attacks as you move away! The orc misses you.
The orc attacks as you move away! The orc misses you.
The orc wizard attacks as you move away!
The orc wizard hits you with a +0 dagger.
* * * LOW HITPOINT WARNING * * *
The orc attacks as you move away! The orc hits you with a +0 dagger.
* * * LOW HITPOINT WARNING * * *
The orc wizard attacks as you move away!
The orc wizard hits you with a +0 dagger.
* * * LOW HITPOINT WARNING * * *
The orc wizard points at you and mumbles some strange words.
You resist with some effort.
The orc wizard gestures wildly while chanting.
The orc wizard flickers and vanishes!
Deactivating autopickup; reactivate with Ctrl-A.
Casting: Foxfire (safe; 2% risk of failure)
Confirm with . or Enter, or press ? or * to list all spells.
You conjure some foxfire!
The hound bites you.
* * * LOW HITPOINT WARNING * * *
The hound bites you.
* * * LOW HITPOINT WARNING * * *
Casting: Foxfire (safe; 2% risk of failure)
Confirm with . or Enter, or press ? or * to list all spells.
You conjure some foxfire!
The foxfire hits something.
The hound closely misses you.
Unknown command.
Your foxfire dissipates!
The foxfire hits the hound but does no damage.
The foxfire hits something.
Dithmenos accepts your kill.
Reactivating autopickup.
You feel a bit more experienced. The hound bites you.
You die...

**,,* **,* #. **,** ##,** #.
*,** #.** ### #. **,* #.*
#.#### ### ##h ,,**
#.#####....####.# ##.# ,,,**
#...............####.## **,.**
##...##..###........##
*,..######.....#...###.......#
*,....†.#..##..@ho...........#
*,*#......######.)######.....#*
**,###.....## ##.# #..####.#*
,,,,.##.....# #.# #.## *[†#
,,*#.....#..## #.# *#.* *#..
,,*###..##...## #.# **.#* *,.#
,,* #...##...####.##*,,* *,,*
,,* ##....##........#*,** *,,*
..###........###.....,,*** *,,*


You could see a hound and an orc.

Vanquished Creatures
  A water moccasin (D:5)
  A sky beast (D:6)
  A black bear (D:5)
  2 ogres
  2 kobold brigands (Sewer)
  A necrophage (D:5)
  2 scorpions
  A jelly (D:5)
  2 hounds
  6 iguanas
  4 orc wizards
  10 adders
  A gnoll (D:4)
  A river rat (D:3)
  An ufetubus (D:5)
  5 worms
  A dart slug (D:2)
  19 orcs
  9 ball pythons
  9 endoplasms
  2 giant cockroaches (D:2)
  3 goblins
  4 hobgoblins
  16 kobolds
  5 quokkas
  8 bats
  3 frilled lizards (D:1)
  10 rats
130 creatures vanquished.

Vanquished Creatures (others)
  667 foxfires
667 creatures vanquished.

Grand Total: 797 creatures vanquished

Notes
Turn   | Place    | Note
-------+----------+-------------------------------------------
     0 | D:1      | Descartes the Octopode Fire Elementalist began the quest
                  | for the Orb.
     0 | D:1      | Reached XP level 1. HP: 11/11 MP: 3/3
   379 | D:1      | Reached XP level 2. HP: 17/17 MP: 0/5
   436 | D:1      | Reached skill level 3 in Stealth
   764 | D:1      | Found a faded altar of an unknown god.
  1184 | D:2      | Reached skill level 1 in Poison Magic
  1184 | D:2      | Reached XP level 3. HP: 21/21 MP: 1/6
  1568 | D:2      | Reached XP level 4. HP: 27/27 MP: 2/7
  1728 | D:2      | Found a shimmering blue altar of Sif Muna.
  2286 | D:3      | Found a glowing drain.
  2303 | Sewer    | Entered a sewer
  2538 | Sewer    | Noticed a kobold brigand
  2551 | Sewer    | HP: 1/27 [poisoned by a kobold brigand (curare-tipped
                  | dart)]
  2878 | Sewer    | Killed a kobold brigand
  2879 | Sewer    | Reached skill level 1 in Short Blades
  2879 | Sewer    | Reached XP level 5. HP: 22/31 MP: 7/9
  3319 | Sewer    | Reached skill level 4 in Stealth
  3411 | Sewer    | Noticed a kobold brigand
  3479 | Sewer    | Killed a kobold brigand
  3480 | Sewer    | Reached XP level 6. HP: 27/36 MP: 1/10
  3932 | D:3      | Found a hazy altar of Hepliaklqana.
  5343 | D:4      | Found a radiant altar of Vehumet.
  5482 | D:4      | Found a broken altar of Ashenzari.
  5666 | D:4      | Found an iron altar of Okawaru.
  5730 | D:4      | Found a blossoming altar of Fedhas.
  5752 | D:4      | Found a glowing golden altar of the Shining One.
  5830 | D:5      | Entered Level 5 of the Dungeon
  5845 | D:5      | Reached XP level 7. HP: 16/41 MP: 0/11
  6051 | D:5      | Found a staircase to the Ecumenical Temple.
  6065 | Temple   | Entered the Ecumenical Temple
  6693 | Temple   | Became a worshipper of Dithmenos the Shadowed
  7537 | D:5      | Reached skill level 5 in Stealth
  7903 | D:5      | Reached XP level 8. HP: 46/46 MP: 8/13
  8941 | D:6      | Reached skill level 6 in Stealth
  9042 | D:6      | HP: 1/46 [hound (5)]
  9044 | D:6      | Slain by a hound

Illustrated notes

Levels and vault maps discovered:
D:1:      lightli_arrival_noodles, layout_loops_ring,
          ebering_ecumenical_altar_petrified, chequers_garden,
          minmay_misc_feat_secret_circle
D:2:      layout_rooms, basic_altar
D:3:      layout_basic, mainiacjoe_overflow_alcove_1,
          cheibrodos_sewer_entry_sluice, supply_closet_lemuel
D:4:      layout_gridville, vehumet_altar_wand_db,
          nicolae_overflow_quartered_altars, st_stairs_13
D:5:      minmay_general_purpose_star, layout_basic,
          minmay_temple_entry_junction, st_stairs_10
D:6:      layout_layer_cave, chequers_temple_overflow_statue_of_worship,
          serial_shops, nicolae_shop_behind_doors,
          minmay_fractal_squares_diagonal_5
Temple:   chequers_temple_sunken

Skill      XL: |  1  2  3  4  5  6  7  8 |
---------------+-------------------------+-----
Stealth        | 3 4 5 6 |  6.0
Poison Magic   | 1 2 3 4 |  4.3
Short Blades   | 1 2 3 |  3.2
Conjurations   | 2 3 |  3.8
Dodging        | 3 4 |  4.3
Spellcasting   | 3 4 |  4.0
Fire Magic     | 4 |  4.9

Action                   |  1- 3 |  4- 6 |  7- 9 || total
-------------------------+-------+-------+-------++-------
Melee: Unarmed           |     2 |       |       ||     2
       Constrict         |     1 |     7 |     1 ||     9
       Tentacles         |     1 |     4 |     2 ||     7
       Dagger            |       |    24 |     8 ||    32
       Punch             |       |     1 |       ||     1
 Cast: Foxfire           |    75 |   178 |   138 ||   391
  Use: Scroll            |       |       |     8 ||     8
 Stab: Sleeping          |       |     2 |     1 ||     3
Armor: Skin              |     2 |     1 |     1 ||     4
Dodge: Dodged            |     6 |    30 |    23 ||    59
